 Dungeon Crawl Stone Soup version 0.22-a0-858-g985ef60 (webtiles) character file.

16 inc the Firebug (level 2, -4/24 HPs)
             Began as an Ogre Fire Elementalist on July 27, 2018.
             Slain by Natasha (9 damage)
             ... on level 2 of the Dungeon.
             The game lasted 00:00:58 (830 turns).

inc the Firebug (Ogre Fire Elementalist)             Turns: 830, Time: 00:00:58

Health: -4/24      AC:  3    Str: 11    XL:     2   Next: 54%
Magic:  1/5        EV: 10    Int: 16    God:
Gold:   109        SH:  0    Dex:  9    Spells: 4/5 levels left

rFire    . . .     SeeInvis .   d - -1 whip (curse)
rCold    . . .     Gourm    .   (no shield)
rNeg     . . .     Faith    .   a - +0 robe
rPois    .         Spirit   .   (helmet restricted)
rElec    .         Reflect  .   (no cloak)
rCorr    .         Harm     .   (gloves unavailable)
MR       .....                  (boots unavailable)
Stlth    +.........             (no amulet)
HPRegen  0.08/turn              (no ring)
MPRegen  0.09/turn              (no ring)

@: very slightly contaminated
A: large, unfitting armour, tough skin 1
a: no special abilities


You were on level 2 of the Dungeon.
You were not hungry.

You visited 1 branch of the dungeon, and saw 2 of its levels.

You collected 109 gold pieces.

Inventory:

Hand Weapons
 d - a cursed -1 whip (weapon)
 h - a +2 dagger of freezing
Armour
 a - a +0 robe (worn)
Jewellery
 b - a +1 ring of protection {unknown}
 k - a +3 ring of slaying {unknown}
Scrolls
 e - a scroll of identify {unknown}
 g - a scroll of fear {unknown}
Potions
 f - a potion of berserk rage {unknown}
 i - a potion of brilliance {unknown}
 j - a potion of agility {unknown}
Comestibles
 c - 4 rations


   Skills:
 - Level 1.7 Dodging
 - Level 1.4 Stealth
 - Level 2.4 Spellcasting
 + Level 2.2 Conjurations
 - Level 2.6 Fire Magic


You had 4 spell levels left.
You knew the following spells:

 Your Spells              Type           Power        Failure   Level  Hunger
a - Flame Tongue          Conj/Fire      #....        8%          1    #......

Your spell library contained the following spells:

 Spells                   Type           Power        Failure   Level  Hunger
 Fireball                 Conj/Fire      #.........   90%         5    ######.
 Conjure Flame            Conj/Fire      #.......     22%         3    ###....
 Throw Flame              Conj/Fire      #.....       11%         2    ###....
 Sticky Flame             Conj/Fire      #.......     58%         4    #####..
 Inner Flame              Hex/Fire       #.......     34%         3    ###....


Dungeon Overview and Level Annotations

Branches:
Dungeon (2/15)

Altars:

Annotations:
D:2 Natasha


Innate Abilities, Weirdness & Mutations

You are too large for most types of armour.
You have tough skin. (AC +1)


Message History

Natasha claws you!
* * * LOW HITPOINT WARNING * * *
You closely miss Natasha.
Natasha is severely wounded.
Natasha barely misses you.
Casting: Flame Tongue (safe; 8% risk of failure)
Confirm with . or Enter, or press ? or * to list all spells.
You don't have enough magic to cast that spell.
Unknown command.
You closely miss Natasha.
Natasha is severely wounded.
Natasha misses you.
Unknown command.
Natasha howls an incantation.
Natasha glows brightly for a moment.
Natasha casts a spell.
You hit Natasha.
Natasha is almost dead.
Natasha claws you!
You die...

....# #.#.# #.#.#
#<#.# ##.#.# ######
#....#####.....
#..........# ##.
#.....†....####.....
##########5@h.....#
##########


You could see Natasha and a crimson imp.

Vanquished Creatures
  2 giant cockroaches
  3 goblins (D:1)
  A hobgoblin (D:1)
  A bat (D:1)
  A frilled lizard (D:1)
  9 rats (D:1)
17 creatures vanquished.

Notes
Turn   | Place    | Note
-------+----------+-------------------------------------------
     0 | D:1      | inc the Ogre Fire Elementalist began the quest for the Orb.
     0 | D:1      | Reached XP level 1. HP: 16/16 MP: 3/3
    19 | D:1      | Reached skill level 1 in Conjurations
   224 | D:1      | Reached XP level 2. HP: 24/24 MP: 0/5
   818 | D:2      | Noticed Natasha
   830 | D:2      | Noticed a crimson imp
   830 | D:2      | Slain by Natasha

Vault maps used:
D:1:      lightli_arrival_statuegarden, minmay_rat_gold_closets
D:2:      uniq_natasha

Skill      XL: |  1  2 |
---------------+-------+-----
Conjurations   | 1 2 |  2.2
Dodging        | |  1.7
Stealth        | |  1.4
Spellcasting   | |  2.4
Fire Magic     | |  2.6

Action                   || total
-------------------------++-------
Melee: Whip              ||     5
 Cast: Flame Tongue      ||    25
  Use: Scroll            ||     2
Armor: Robe              ||     1
Dodge: Dodged            ||     4

Table legend:
 A = Spawn XP
 B = Non-spawn XP
 C = Spawn XP percentage of total XP
 D = Spawn monster count
 E = Non-spawn monster count
 F = Spawn count percentage of total count
 G = Total turns spent on level
                    A         B        C        D         E        F      G
               +---------+---------+-------+---------+---------+-------+---------
         Total |       0 |      23 |   0.0 |       0 |      17 |   0.0 |   830
               +---------+---------+-------+---------+---------+-------+---------
           D:1 |       0 |      21 |   0.0 |       0 |      16 |   0.0 |   802
           D:2 |       0 |       2 |   0.0 |       0 |       1 |   0.0 |    28
               +---------+---------+-------+---------+---------+-------+---------
